 Seeded DCSS version 0.31-a0-325-g067879e3d3 (webtiles) character file.

Game seed: 14215367866634240820 (custom seed)

8 innerfire43 the Chopper (level 2, 0/24 HPs)
             Began as a Demonspawn Monk on July 18, 2023.
             Slain by a quokka (5 damage)
             ... on level 1 of the Dungeon.
             The game lasted 00:00:09 (53 turns).

innerfire43 the Chopper (Demonspawn Monk)             Turns: 53, Time: 00:00:10

Health: 0/24       AC:  2    Str: 11    XL:     2   Next: 0%
Magic:  2/2        EV: 12    Int: 11    God:
Gold:   7          SH:  0    Dex: 15    Spells: 1/1 levels left

rFire   . . .        a - +0 hand axe
rCold   . . .        d - orb {light}
rNeg    . . .        b - +0 robe
rPois   .            (no helmet)
rElec   .            (no cloak)
rCorr   .            (no gloves)
SInv    .            (no boots)
Will    .....        (no amulet)
Stlth   +            (no ring)
HPRegen 0.24/turn    (no ring)
MPRegen 0.08/turn

%: no passive effects
@: glowing
A: demonic guardian 1
a: no special abilities


You were on level 1 of the Dungeon.
You visited 1 branch of the dungeon, and saw 1 of its levels.

You collected 7 gold pieces.

Inventory:

Hand Weapons
 a - a +0 hand axe (weapon)
Armour
 b - a +0 robe (worn)
 d - an orb of light (worn)
Scrolls
 e - a scroll of enchant weapon {unknown}
Potions
 c - a potion of ambrosia


   Skills:
 - Level 3.0 Fighting
 * Level 3.2 Axes
 - Level 2.6 Dodging


You had one spell level left.
You didn't know any spells.
Your spell library was empty.

Dungeon Overview and Level Annotations

Branches:
Dungeon (1/15)

Altars:


Innate Abilities, Weirdness & Mutations

A weak demonic guardian rushes to your aid.


Message History

Unknown command.
You closely miss the frilled lizard. You hit the hobgoblin.
You kill the hobgoblin!
You hit the jackal but do no damage. The jackal completely misses you.
The frilled lizard bites you but does no damage.
The jackal closely misses you. The goblin barely misses you.
The frilled lizard barely misses you.
Your Axes skill increases to level 3!
You closely miss the frilled lizard. You hit the goblin.
You kill the goblin!
You barely miss the jackal. The frilled lizard bites you.
Unknown command.
You hit the frilled lizard but do no damage.
You closely miss the quokka. You hit the jackal. The quokka misses you.
The jackal misses you. The frilled lizard bites you. The quokka bites you.
* * * LOW HITPOINT WARNING * * *
Unknown command.
You hit the frilled lizard.
You kill the frilled lizard!
You hit the jackal.
You kill the jackal!
You hit the quokka. The jackal closely misses you.
The quokka closely misses you.
The jackal bites you but does no damage.
You have reached level 2!
Your demonic ancestry asserts itself...
You feel the presence of a demonic guardian.
You barely miss the jackal.
The jackal is severely wounded.
You barely miss the jackal. You barely miss the quokka.
The jackal closely misses you. The jackal barely misses you.
The quokka closely misses you. The jackal bites you.
* * * LOW HITPOINT WARNING * * *
Unknown command.
You hit the jackal.
You kill the jackal!
You barely miss the jackal. You barely miss the quokka.
The quokka barely misses you. The jackal barely misses you.
The quokka bites you.
You die...

#.# ............
#.##............ . #
#....~~~~≈~≈~~~~ .. #.
#....≈≈≈~≈≈≈≈≈≈≈ [. #.
#...(~~≈≈≈≈≈≈≈≈≈
###.#.###....~≈≈#+#'#≈≈≈
.............~≈≈+(..##'#
......hhr....≈≈≈+...#...
P.....#@##...~≈≈#'#'#.##
P.... #†##....~≈≈≈#...#.
..P. ..##..⌠..~≈~'.⌠.'.
♣.. ...##..⌠..≈~≈'.⌠.'.
♣. ....##....~≈≈≈#...#.
. ##...##...~~≈#+###.##
#........≈≈≈+ +...
....#....~≈≈+ ##+#
.......~~≈#


You could see a quokka and 2 jackals.

Vanquished Creatures
  A ball python (D:1)
  2 goblins (D:1)
  A hobgoblin (D:1)
  2 jackals (D:1)
  A frilled lizard (D:1)
  A rat (D:1)
8 creatures vanquished.

Notes
Turn   | Place    | Note
-------+----------+-------------------------------------------
     0 | D:1      | innerfire43 the Demonspawn Monk began the quest for the
                  | Orb.
     0 | D:1      | Reached XP level 1. HP: 18/18 MP: 1/1
    52 | D:1      | Gained mutation: A weak demonic guardian rushes to your
                  | aid. [demonic ancestry]
    52 | D:1      | Reached XP level 2. HP: 6/24 MP: 2/2
    53 | D:1      | Slain by a quokka

Illustrated notes

Levels and vault maps discovered:
D:1:      dpeg_arrival_castle, layout_basic, serial_forest,
          infiniplex_forest_straight_2, infiniplex_forest_straight_3,
          infiniplex_forest_clump_double, infiniplex_forest_lined_1,
          infiniplex_forest_clump_small, infiniplex_forest_straight_2,
          infiniplex_forest_lined_3_way

Skill      XL: |  1 |
---------------+----+-----
Axes           | 3 |  3.2
Fighting       | |  3.0
Dodging        | |  2.6

Action                     || total
---------------------------++-------
  Melee: Hand axe          ||    12
 Armour: Robe              ||     3
  Dodge: Dodged            ||    27

Table legend: (Time is in decaauts)
 A = Elapsed time spent in this place.
 B = Non-inter-level travel time spent in this place.
 C = Inter-level travel time spent in this place.
 D = Time resting spent in this place.
 E = Time spent auto-exploring this place.
 F = Levels seen in this place.
 G = Mean time per level.
                   A        B        C        D        E       F      G
               +--------+--------+--------+--------+--------+-----+--------+
         Total |     56 |     56 |      0 |      0 |     36 |   1 |   56.0 |
       Dungeon |     56 |     56 |      0 |      0 |     36 |   1 |   56.0 |
               +--------+--------+--------+--------+--------+-----+--------+

Top non-repeatable levels by time:
     D:1: 56 daAuts
